 Dungeon Crawl Stone Soup version 0.32-a0-913-g739538afd8 (webtiles) character file.

Game seed: 5152006412762439637

16 Lanoc the Charlatan (level 2, -1/21 HPs)
             Began as a Coglin Artificer on Apr 7, 2024.
             Slain by Terence
             ... wielding a +0 flail
              (8 damage)
             ... on level 1 of the Dungeon.
             The game lasted 00:00:59 (680 turns).

Lanoc the Charlatan (Coglin Artificer)               Turns: 680, Time: 00:00:59

Health: -1/21      AC:  4    Str:  9 (12) XL:     2   Next: 54%
Magic:  2/2        EV: 10    Int:  9 (10) God:
Gold:   27         SH:  0    Dex: 12 (14) Spells: 1/1 levels left

rFire   . . .        a - +0 club {Qing}
rCold   + . .        f - +0 dagger {Hisae}
rNeg    . . .        j - +1 leather armour {rC+}
rPois   .            (no helmet)
rElec   .            (no cloak)
rCorr   .            (no gloves)
SInv    .            (no boots)
Will    .....        (amulet unavailable)
Stlth   +            (ring unavailable)
HPRegen 0.23/turn    (ring unavailable)
MPRegen 0.08/turn    (no gizmo)

%: no passive effects
@: revving
A: off-hand wielding, slow wielding, warmup strikes, no jewellery
a: Invent Gizmo


You were on level 1 of the Dungeon.
You visited 1 branch of the dungeon, and saw 2 of its levels.

You collected 27 gold pieces.

Inventory:

Hand Weapons
 a - a +0 club (weapon) {Qing}
 f - a +0 dagger (offhand) {Hisae}
Armour
 j - a +1 leather armour of cold resistance (worn)
Wands
 c - a wand of flame (15) (quivered)
 d - a wand of charming (15)
 e - a wand of iceblast (5)
Scrolls
 h - a scroll of immolation {unknown}
 k - 2 scrolls of teleportation {unknown}
Potions
 b - a potion of curing
 i - a potion of haste {unknown}


   Skills:
 + Level 1.3 Fighting
 + Level 2.0 Armour
 + Level 1.2 Dodging
 - Level 0.7 Stealth
 * Level 4.5 Evocations


You had one spell level left.
You didn't know any spells.
Your spell library contained the following spells:

 Spells                   Type           Power      Damage    Failure   Level
 Stone Arrow              Conj/Erth      0%         3d7       86%         3
 Animate Armour           Summ/Erth      0%         N/A       99%         4
 Lehudib's Crystal Spear  Conj/Erth      0%         10d2      100%        8


Dungeon Overview and Level Annotations

Branches:
Dungeon (2/15)

Altars:

Annotations:
D:1 Terence


Innate Abilities, Weirdness & Mutations

You can wield a second weapon in your off-hand.
It takes a long time for you to wield or remove held weapons.
Your first few attacks do less damage.
You cannot equip rings or amulets.


Message History

An endoplasm is nearby!
You hit the endoplasm with your +0 club.
The endoplasm is moderately wounded.
You hit the endoplasm with your +0 dagger.
The endoplasm freezes you.
You are frozen.
You resist.
You hit the endoplasm with your +0 club.
You kill the endoplasm!
No target in view!
You pick up a book of Armaments and begin reading...
You add the spells Stone Arrow, Animate Armour and Lehudib's Crystal Spear to your library.
You see here a +0 chain mail.
Done exploring.
Done exploring.
There is a stone staircase leading down here.
You climb downwards.
Terence shouts!
The jackal barks!
The kobold shouts!
The jackal barks!
Found a scratched moonstone ring and a long glowing staff.
There is a stone staircase leading up here.
A giant cockroach comes into view.
The jackal bites you but does no damage. x2
Terence hits you with a +0 flail!
You climb upwards.
There is a stone staircase leading down here.
You hit the jackal but do no damage.
You miss the jackal with your +0 dagger.
The jackal barely misses you. Terence hits you with a +0 flail.
You completely miss the jackal with your +0 dagger.
You barely miss the jackal with your +0 club.
The jackal bites you but does no damage. x2
Terence hits you with a +0 flail!
* * * LOW HITPOINT WARNING * * *
It was a potion of curing.
You feel better. The jackal closely misses you.
Terence hits you with a +0 flail! The jackal barely misses you.
It was a potion of degeneration.
There was something very wrong with that liquid.
You feel weakened.
You feel dopey.
You feel clumsy. Terence hits you with a +0 flail!
You die...
Terence says, "That felt goooood."

........##.##.# #†#
......####.##.## ####.#
....### #.#...# #.)..#
....# #.#...### #.####
....# ##.......# #.#
....# #..[.....# #.#
###### #........# #.#
.....## #..#...#h###.#
......###.......@....#
.........÷##..##@#####
#########.##..##.########
#...^ß^...##..##........#
..######................#
#.#####..[##..###.......#
##......................#
#.#####...###.###.......#
.## ##### #.# #.......#


You could see Terence and a jackal.

Vanquished Creatures
  A bat (D:1)
  An endoplasm (D:1)
  A giant cockroach (D:1)
  2 goblins (D:1)
  A hobgoblin (D:1)
  2 kobolds (D:1)
  A quokka (D:1)
  2 ball pythons (D:1)
  2 frilled lizards (D:1)
  A rat (D:1)
14 creatures vanquished.

Notes
Turn   | Place    | Note
-------+----------+-------------------------------------------
     0 | D:1      | Lanoc the Coglin Artificer began the quest for the Orb.
     0 | D:1      | Reached XP level 1. HP: 15/15 MP: 1/1
    95 | D:1      | Reached skill level 1 in Dodging
   335 | D:1      | Reached XP level 2. HP: 21/21 MP: 2/2
   672 | D:2      | Noticed Terence
   680 | D:1      | Slain by Terence

Illustrated notes

Levels and vault maps discovered:
D:1:      scummos_arrival_checkerplants, layout_loops_ring,
          ebering_dispersal_statue_hall
D:2:      layout_rooms, hangedman_glass_teeth, grunt_decor_resistance,
          uniq_terence

Skill      XL: |  1  2 |
---------------+-------+-----
Dodging        | 1 |  1.2
Armour         | 2 |  2.0
Fighting       | |  1.3
Stealth        | |  0.7
Evocations     | |  4.5

Action                     || total
---------------------------++-------
  Melee: Dagger            ||    32
         Club              ||    33
    Use: Potion            ||     2
 Armour: Leather armour    ||    39
  Dodge: Dodged            ||    23

Table legend: (Time is in decaauts)
 A = Elapsed time spent in this place.
 B = Non-inter-level travel time spent in this place.
 C = Inter-level travel time spent in this place.
 D = Time resting spent in this place.
 E = Time spent auto-exploring this place.
 F = Levels seen in this place.
 G = Mean time per level.
                   A        B        C        D        E       F      G
               +--------+--------+--------+--------+--------+-----+--------+
         Total |    686 |    668 |     18 |      0 |    538 |   2 |  343.0 |
       Dungeon |    686 |    668 |     18 |      0 |    538 |   2 |  343.0 |
               +--------+--------+--------+--------+--------+-----+--------+

Top non-repeatable levels by time:
     D:1: 682 daAuts
     D:2: 3 daAuts
